 Dungeon Crawl Stone Soup version 0.28-a0-1213-g0243856f03 (webtiles) character file.

Game seed: 11207715651659246466

95 Bediveer the Skirmisher (level 4, -7/29 HPs)
             Began as a Gargoyle Fighter on Dec 21, 2021.
             Mangled by Adrian566's ghost (10 damage)
             ... on level 3 of the Dungeon.
             The game lasted 00:05:50 (1900 turns).

Bediveer the Skirmisher (Gargoyle Fighter)          Turns: 1900, Time: 00:05:51

Health: -7/29      AC: 12    Str: 22    XL:     4   Next: 66%
Magic:  4/4        EV:  9    Int:  8    God:
Gold:   81         SH:  4    Dex:  9    Spells: 3/3 levels left

rFire   . . .      SeeInvis .   a - +0 war axe
rCold   . . .      Faith    .   c - +0 buckler
rNeg    + . .      Spirit   .   b - +0 scale mail
rPois   ∞          Reflect  .   g - +0 helmet
rElec   +          Harm     .   (no cloak)
rCorr   .          Rampage  .   k - +0 pair of gloves
Will    .....                   (no boots)
Stlth   ..........              (no amulet)
HPRegen 0.09/turn               (no ring)
MPRegen 0.09/turn               (no ring)

@: mighty
A: sickness immunity, AC +3, negative energy resistance 1, electricity
resistance, torment resistance 1, petrification resistance
a: no special abilities


You were on level 3 of the Dungeon.
You visited 1 branch of the dungeon, and saw 3 of its levels.

You collected 81 gold pieces.

Inventory:

Hand Weapons
 a - a +0 war axe (weapon)
Missiles
 j - 39 poisoned darts (quivered)
 m - 6 boomerangs
Armour
 b - a +0 scale mail (worn)
 c - a +0 buckler (worn)
 g - a +0 helmet (worn)
 k - a +0 pair of gloves (worn)
Wands
 o - a wand of polymorph (5)
Scrolls
 h - a scroll of fog {unknown}
 n - a scroll of noise {unknown}
Potions
 e - 2 potions of curing {unknown}
 f - a potion of attraction {unknown}
 i - a potion of resistance {unknown}
 l - a potion of degeneration {unknown}


   Skills:
 + Level 4.0 Fighting
 + Level 3.0 Axes
 + Level 3.7 Armour
 + Level 0.2 Dodging
 + Level 3.8 Shields


You had 3 spell levels left.
You didn't know any spells.
Your spell library contained the following spells:

 Spells                   Type           Power      Damage    Failure   Level
 Foxfire                  Conj/Fire      0%         2x1d4     75%         1
 Magic Dart               Conj           0%         1d3       75%         1
 Slow                     Hex            0%         N/A       75%         1
 Searing Ray              Conj           0%         2d4       86%         2
 Confusing Touch          Hex            0%         N/A       98%         3
 Conjure Flame            Conj/Fire      0%         6-21      98%         3
 Inner Flame              Hex/Fire       0%         N/A       98%         3
 Vampiric Draining        Necr           0%         2d6       98%         3
 Flame Wave               Conj/Fire      0%         2d4       100%        4
 Fulminant Prism          Conj/Hex       0%         3d6       100%        4


Dungeon Overview and Level Annotations

Branches:
Dungeon (3/15)

Altars:

Annotations:
D:3 Adrian566's ghost, amateur OpFi


Innate Abilities, Weirdness & Mutations

You are immune to sickness and miasma.
Your stone body is resilient. (AC +3)
You are immune to poison.
You resist negative energy. (rN+)
You are resistant to electric shocks. (rElec)
You are resistant to unholy torment.
You are immune to petrification.


Message History

You slash the adder!
You kill the adder!
You closely miss Adrian566's ghost.
Adrian566's ghost completely misses you.
Your Axes skill increases to level 3!
You miss Adrian566's ghost.
Adrian566's ghost is moderately damaged.
Adrian566's ghost barely misses you. Adrian566's ghost hits you.
* * * LOW HITPOINT WARNING * * *
You barely miss Adrian566's ghost.
Adrian566's ghost is moderately damaged.
Adrian566's ghost hits you but does no damage.
You barely miss Adrian566's ghost.
Adrian566's ghost is moderately damaged.
You hit the worm but do no damage.
Adrian566's ghost hits you but does no damage.
The worm bites you but does no damage.
You hit the worm.
The worm is lightly wounded.
You miss Adrian566's ghost.
Adrian566's ghost hits you but does no damage. x2
You slash the worm!
The worm is almost dead.
You barely miss Adrian566's ghost. The worm bites you but does no damage.
Adrian566's ghost hits you.
* * * LOW HITPOINT WARNING * * *
You slash the worm!
You kill the worm!
You slash Adrian566's ghost! You block Adrian566's ghost's attack.
Adrian566's ghost completely misses you.
You slash Adrian566's ghost!
Adrian566's ghost is severely damaged.
You block Adrian566's ghost's attack.
You barely miss Adrian566's ghost.
Adrian566's ghost is severely damaged.
Adrian566's ghost barely misses you.
You miss Adrian566's ghost.
Adrian566's ghost is severely damaged.
Adrian566's ghost hits you!
You die...

#........# #.#.....#.#
#####.##.####.#.....#.#
#.##......#.....#.#
##'#########.......#
##...## ###.#####
##.....## ###.#
.##.......## ##.#.#
#..........# #....#
........@.##########
##.......†W#≈≈≈≈≈≈
.##.......'≈≈≈≈(≈
##......#≈≈≈≈≈≈
##...######### ##+##


You could see Adrian566's ghost.

Vanquished Creatures
  4 adders
  A worm (D:3)
  4 dart slugs
  7 endoplasms
  3 giant cockroaches
  2 goblins
  2 hobgoblins (D:1)
  6 jackals
  2 quokkas
  4 ball pythons
  2 bats
  4 frilled lizards
  4 kobolds
  3 rats
48 creatures vanquished.

Notes
Turn   | Place    | Note
-------+----------+-------------------------------------------
     0 | D:1      | Bediveer the Gargoyle Fighter began the quest for the Orb.
     0 | D:1      | Reached XP level 1. HP: 14/14 MP: 1/1
   155 | D:1      | Reached XP level 2. HP: 19/19 MP: 2/2
   428 | D:1      | Upgraded the game from 0.28-a0-1206-g193881aaa2 to
                  | 0.28-a0-1213-g0243856f03
   732 | D:2      | Reached XP level 3. HP: 24/24 MP: 3/3
   906 | D:2      | Found a faded altar of an unknown god.
  1149 | D:2      | Reached XP level 4. HP: 27/29 MP: 4/4
  1384 | D:2      | Reached skill level 4 in Fighting
  1872 | D:3      | Found a runed translucent door.
  1877 | D:3      | Noticed Adrian566's ghost (amateur OpFi)
  1900 | D:3      | Mangled by Adrian566's ghost

Illustrated notes

Levels and vault maps discovered:
D:1:      lemuel_arrival_funnel, layout_loops_ring, grunt_decor_junction
D:2:      layout_loops_ring, shapermc_ecumenical_altar_pompeii,
          kennysheep_another_room
D:3:      layout_loops_corners, serial_shops, shop, ebering_ghost_sewer_f,
          kennysheep_generic_room_5, uniq_jessica

Skill      XL: |  1  2  3  4 |
---------------+-------------+-----
Axes           | 2 3 |  3.0
Fighting       | 4 |  4.0
Armour         | |  3.7
Dodging        | |  0.2
Shields        | |  3.8

Action                   |  1- 3 |  4- 6 || total
-------------------------+-------+-------++-------
Melee: War axe           |    83 |    50 ||   133
  Use: Potion            |       |     1 ||     1
Armor: Scale mail        |    53 |    44 ||    97
Dodge: Dodged            |    44 |    30 ||    74
Block: Buckler           |    27 |    15 ||    42

Table legend: (Time is in decaauts)
 A = Elapsed time spent in this place.
 B = Non-inter-level travel time spent in this place.
 C = Inter-level travel time spent in this place.
 D = Time resting spent in this place.
 E = Time spent auto-exploring this place.
 F = Levels seen in this place.
 G = Mean time per level.
                   A        B        C        D        E       F      G
               +--------+--------+--------+--------+--------+-----+--------+
         Total |   1952 |   1820 |    132 |      0 |   1450 |   3 |  650.7 |
       Dungeon |   1952 |   1820 |    132 |      0 |   1450 |   3 |  650.7 |
               +--------+--------+--------+--------+--------+-----+--------+

Top non-repeatable levels by time:
     D:2: 851 daAuts
     D:1: 711 daAuts
     D:3: 389 daAuts
